woodfighter, chaotic female sylph Ranger #### ################### #...............}..................... #..###%........##......####...##.........}....#................ ##..#%.##...##....###....##.....#...##....}.............#...... ##.@%##.......##.##.....###........##....}.................#.. ## ##CC###..##..###.......## #.............}.}.#........%........ #...%..%%.....####......#...### #.............}.}..##.....^......... ######...C....# ....##......####.............}.........^.%........ #.)###...###....#####......###.......#......}................... ### ##### ###### ###.....##...............}.................. .. ....... ##....%%...............}.....#............ ).. ..@..... ###..##...............}.................. |.. ......)... #####.....#..........}................. ### ############ #..............##.}................ ##... .. ##..............##.}......*##......% ... #.. #..................}.......###...... #.. #.. #........#........}................. #.. .. ##%...............}.}......#......... ### ... #....#...........}...}}...##......... # .. ##................}.....}}............ .. #%..............#}........}}}...###... ### #...............}............}........ woodfighter the Scout Experience level: 15 Strength: 16 Dexterity: 16 Constitution: 16 Intelligence: 14 Wisdom: 14 Charisma: 8 Health: 0(94) Energy: 101(101) Def: 3 Gold: 162 Moves: 13999 Dungeon seed: TNpxeaHuHTQEwado Game ID: woodfighter_1472063472 Your Inventory: Coins $ - 162 gold pieces Amulets T - an uncursed amulet of reflection (being worn) Weapons a - a burnt +2 bow (weapon in hand) b - 69 blessed +2 arrows (in quiver) X - 14 +0 arrows Armor e - a blessed +2 cloak of displacement (being worn) n - an uncursed +0 pair of gauntlets of dexterity Q - an uncursed +0 small shield (being worn) Comestibles f - an uncursed cram ration g - an uncursed lizard corpse u - an uncursed mango x - 2 uncursed eucalyptus leaves M - 2 uncursed cloves of garlic O - 5 uncursed food rations Scrolls t - an uncursed scroll of teleportation Potions P - an uncursed potion of speed Rings H - an uncursed ring of shock resistance (on left hand) Wands L - a wand of digging (0:7) U - a wand of speed monster (0:0) Tools q - a +0 unicorn horn s - a blessed bag of holding y - an uncursed skeleton key C - an uncursed stethoscope I - a +0 pick-axe J - a blessed magic lamp R - a +0 unicorn horn V - a blessed +0 unicorn horn W - an uncursed blindfold Gems z - a blessed luckstone Contents of the bag of holding: 1195 gold pieces 35 +0 arrows a blessed +1 mummy wrapping an uncursed +0 pair of leather gloves an uncursed lizard corpse an uncursed scroll of create monster an uncursed scroll of identify a cursed scroll of identify an uncursed scroll of teleportation an uncursed potion of confusion an uncursed potion of fruit juice a cursed potion of gain ability a blessed potion of gain level a blessed potion of hallucination an uncursed potion of hallucination a blessed potion of speed an uncursed potion of speed 2 uncursed potions of water an uncursed ring of see invisible a cursed ring of teleportation a cursed ring of teleportation a wand of digging (0:7) a magic marker (0:44) Spells and supernatural/magical abilities: Name Level Category Fail Memory m - magic missile 2 attack 49% 68% W - pray for help -- divine ? -- Your skills at the end: Miscellaneous Skills wands [Basic] Weapon Skills dagger [Basic] bow [Expert] Spellcasting Skills Final Attributes: You were piously aligned. You were cold resistant. You were shock resistant. You were confused. You saw invisible. You had automatic searching. You had infravision. You were displaced. You were stealthy. You were protected from shape changers. You were fast. You had reflection. You were lucky. You had extra luck. Good luck did not time out for you. You are dead. Vanquished creatures: a deep ettin a green dragon 2 giant mimics 4 ice trolls a flesh golem a doppelganger a large mimic a wumpus 2 long worms a hill giant 3 wargs a winter wolf a small mimic an ettin mummy 2 quantum mechanics 2 trolls a sasquatch 2 wood golems 2 large dogs a flaming sphere 2 shocking spheres 4 tengu 2 gelatinous cubes an ochre jelly a chameleon a crocodile a leocrotta a giant 2 human mummies 2 red nagas a pit viper a leather golem 2 soldiers an incubus a giant beetle a cockatrice 4 wolves 2 winter wolf cubs 5 leprechauns 3 lizards 3 giant spiders 4 scorpions a horse an ice vortex 14 forest centaurs 5 gnome kings 2 orc mummies a rust monster an owlbear 6 yetis 2 gold golems a werewolf a Green-elf 8 hunters a housecat 2 dwarf lords a blue jelly a white unicorn 2 gray unicorns a raven 6 plains centaurs a gnome mummy 2 snakes 4 apes a rope golem 5 soldier ants a bugbear 2 wood nymphs an Uruk-hai 2 ponies a yellow light a shrieker 21 gnome lords 3 gnomish wizards 4 kobold mummies a golden naga hatchling 2 guardian naga hatchlings 3 gray oozes 2 elf zombies 2 ghouls a straw golem a paper golem 4 floating eyes 2 kittens 22 dwarves 2 homunculi 2 kobold lords 4 kobold shamans 5 iguanas 3 hill orcs 6 rothes a rabid rat a centipede 2 giant bats 2 orc zombies a dwarf zombie 3 wererats 14 killer bees a coyote 12 hobbits 4 acid blobs 2 large kobolds 7 geckos 3 hobgoblins 5 giant rats 4 cave spiders 4 yellow molds a green mold 2 red molds 76 gnomes 15 garter snakes 13 manes 2 gnome zombies 6 jackals 3 foxes 9 newts 4 sewer rats 6 grid bugs 10 bats 10 lichens a kobold zombie 468 creatures vanquished. Voluntary challenges: You were vegetarian. You had followed a strict vegan diet until turn 2493. You used a wielded weapon 17 times, starting on turn 126. You did not apply a unicorn horn. You read items or engraved 11 times, starting on turn 2192. You never genocided any monsters. You never polymorphed an object. You changed form 1 time, starting on turn 6572. You completed Sokoban on turn 10511, according to the rules. You used no wishes. You never split a pudding. You never wrote Elbereth's name. You violated your moral code, losing 1 point of alignment, starting on turn 13545. Dungeon overview: The Dungeons of Doom: levels 1 to 15 Level 1 a sink a long staircase Level 2 stairs to The Gnomish Mines Level 3 (-) a hardware shop Level 4 (-) Level 5 a wand shop, an altar to Mercury, a fountain Level 6 Level 7 (-) a fountain Level 8 many fountains Level 9 stairs to Sokoban Level 10 a temple to Mars Level 11 Level 12 a fountain Level 13 Level 14 (big room + quest) portal to The Quest Level 15 The Gnomish Mines: levels 3 to 11 Level 3 stairs to The Dungeons of Doom Level 4 Level 5 many shops, a temple to Mercury, a magic chest, some fountains, some trees Level 6 Level 7 Level 8 Level 9 Level 10 Level 11 a magic chest, a fountain The Quest: Level 1 <- You were here a magic chest, many trees portal to The Dungeons of Doom Sokoban: levels 5 to 8 Level 5 a magic chest Level 6 Level 7 Level 8 a magic chest stairs to The Dungeons of Doom History has recorded: On T:1 you entered the Dungeons of Doom to retrieve the Amulet of Yendor! On T:157 you reached level 2 of The Dungeons of Doom. On T:664 you reached level 3 of The Dungeons of Doom. On T:771 you advanced to experience level 2. On T:816 you reached level 1 of The Gnomish Mines. On T:895 you reached level 4 of The Dungeons of Doom. On T:1485 you advanced to experience level 3. On T:1655 you reached level 5 of The Dungeons of Doom. On T:1832 you reached level 6 of The Dungeons of Doom. On T:2212 you advanced to experience level 4. On T:2447 you reached level 7 of The Dungeons of Doom. On T:2711 you advanced to experience level 5. On T:2784 you reached level 8 of The Dungeons of Doom. On T:3098 you advanced to experience level 6. On T:3267 you reached level 9 of The Dungeons of Doom. On T:3754 you reached level 2 of The Gnomish Mines. On T:3971 you advanced to experience level 7. On T:4512 you entered the Minetown temple On T:4520 you opened a magic chest. On T:4522 you opened a magic chest. On T:4527 you opened a magic chest. On T:4697 you opened a magic chest. On T:4700 you opened a magic chest. On T:4733 you reached level 4 of The Gnomish Mines. On T:4825 you reached level 5 of The Gnomish Mines. On T:5104 you advanced to experience level 8. On T:5146 you reached level 6 of The Gnomish Mines. On T:5433 you reached level 7 of The Gnomish Mines. On T:6045 you reached level 8 of The Gnomish Mines. On T:6270 you advanced to experience level 9. On T:6276 you reached level 9 of The Gnomish Mines. On T:6276 you reached the bottom of the Mines. On T:6466 you opened a magic chest. On T:6467 you opened a magic chest. On T:6468 you opened a magic chest. On T:6735 you advanced to experience level 11. On T:7469 you opened a magic chest. On T:7470 you opened a magic chest. On T:7470 you opened a magic chest. On T:7473 you opened a magic chest. On T:7479 you opened a magic chest. On T:7481 you opened a magic chest. On T:7481 you opened a magic chest. On T:7486 you opened a magic chest. On T:7487 you opened a magic chest. On T:7487 you opened a magic chest. On T:7487 you opened a magic chest. On T:7543 you opened a magic chest. On T:7543 you opened a magic chest. On T:7544 you opened a magic chest. On T:7552 you opened a magic chest. On T:8215 you reached level 4 of Sokoban. On T:8502 you opened a magic chest. On T:8503 you opened a magic chest. On T:8512 you reached level 3 of Sokoban. On T:9067 you reached level 2 of Sokoban. On T:9414 you reached level 1 of Sokoban. On T:10511 you advanced to experience level 14. On T:10511 you entered the Sokoban zoo. On T:10604 you opened a magic chest. On T:10698 you opened a magic chest. On T:10715 you opened a magic chest. On T:10974 you reached level 10 of The Dungeons of Doom. On T:11586 you opened a magic chest. On T:11586 you opened a magic chest. On T:11592 you opened a magic chest. On T:11592 you opened a magic chest. On T:11595 you opened a magic chest. On T:11596 you opened a magic chest. On T:11608 you opened a magic chest. On T:11609 you opened a magic chest. On T:11609 you opened a magic chest. On T:11610 you opened a magic chest. On T:11612 you opened a magic chest. On T:11622 you opened a magic chest. On T:11632 you opened a magic chest. On T:11633 you advanced to experience level 15. On T:11778 you opened a magic chest. On T:11829 you opened a magic chest. On T:11830 you opened a magic chest. On T:12239 you opened a magic chest. On T:12240 you opened a magic chest. On T:12395 you opened a magic chest. On T:12395 you opened a magic chest. On T:12396 you opened a magic chest. On T:12398 you opened a magic chest. On T:12398 you opened a magic chest. On T:12399 you opened a magic chest. On T:12400 you opened a magic chest. On T:12401 you opened a magic chest. On T:12402 you opened a magic chest. On T:12403 you opened a magic chest. On T:12408 you opened a magic chest. On T:12408 you opened a magic chest. On T:12410 you opened a magic chest. On T:12451 you reached level 11 of The Dungeons of Doom. On T:12653 you reached level 12 of The Dungeons of Doom. On T:13209 you reached level 13 of The Dungeons of Doom. On T:13423 you reached level 14 of The Dungeons of Doom. On T:13706 you reached level 15 of The Dungeons of Doom. On T:13811 you reached level 1 of The Quest. Score breakdown: Gold: 1357 ( 135 points) Experience: 15 levels ( 1400 points) Exploration: 15 levels ( 420 points) Discoveries: 58 items ( 2000 points) Variety of kills: 121 monsters ( 2000 points) Major goal: Sokoban/Mines ( 1500 points) Survival: died (score multiplied by 3) Total score: 22365 Latest messages: The forest centaur misses the forest centaur. The forest centaur kicks the forest centaur. The forest centaur swings his bow. The forest centaur hits! The forest centaur punches you! The forest centaur kicks! The forest centaur zaps a wand of magic missile! The magic missile hits you! But it reflects from your medallion! The magic missile hits the forest centaur! The forest centaur is killed by the magic missile! The arrow hits the forest centaur! The forest centaur swings his bow. The forest centaur hits! The forest centaur punches you! The forest centaur kicks! The forest centaur reads a scroll of create monster! The arrow hits the forest centaur! The forest centaur swings his bow. The forest centaur hits! The forest centaur punches you! The forest centaur kicks! The forest centaur punches you! The forest centaur kicks! You die... Final status: Goodbye woodfighter the Ranger, killed by a forest centaur... You died in The Quest on dungeon level 1 with 22365 points, and 1357 pieces of gold, after 13999 moves. You were level 15 with a maximum of 94 hit points when you died.